 Dungeon Crawl Stone Soup version 0.21-a0-404-g291f19a (webtiles) character file.

15 Klosterheim the Skirmisher (level 2, -3/25 HPs)
             Began as a Formicid Abyssal Knight on Oct 28, 2017.
             Was an Initiate of Lugonu.
             Slain by a goblin
             ... wielding a +0 dagger
              (4 damage)
             ... on level 1 of the Dungeon.
             The game lasted 00:01:58 (761 turns).

Klosterheim the Skirmisher (Formicid Abyssal Knight) Turns: 761, Time: 00:01:59

Health: -3/25      AC:  3    Str: 16    XL:     2   Next: 65%
Magic:  3/3        EV: 11    Int: 11    God:    Lugonu [......]
Gold:   121        SH:  0    Dex: 10    Spells: 1/1 levels left

rFire    . . .     SeeInvis +   a - +1 mace
rCold    . . .     Gourm    .   (no shield)
rNeg     . . .     Faith    .   b - +0 leather armour
rPois    .         Spirit   .   (helmet unavailable)
rElec    .         Reflect  .   (no cloak)
rCorr    .         Harm     .   (no gloves)
MR       .....                  (no boots)
Stlth    +.........             (no amulet)
HPRegen  0.08/turn              (no ring)
MPRegen  0.08/turn              (no ring)

@: no status effects
A: permanent stasis, dig shafts and tunnels, four strong arms, antennae 3
a: Dig, Shaft Self, Renounce Religion


You were on level 1 of the Dungeon.
You worshipped Lugonu.
Lugonu was noncommittal.
You were not hungry.

You visited 1 branch of the dungeon, and saw 1 of its levels.
You visited the Abyss 1 time.

You collected 121 gold pieces.

Inventory:

Hand Weapons
 a - a +1 mace (weapon)
Armour
 b - a +0 leather armour (worn)
Scrolls
 e - a scroll of blinking {unknown}
 g - a scroll of enchant armour {unknown}
Potions
 h - 2 potions of curing {unknown}
Comestibles
 c - a bread ration
 d - 3 chunks of flesh
 f - a royal jelly


   Skills:
 + Level 3.7 Fighting
 + Level 2.2 Maces & Flails
 + Level 2.5 Armour
 + Level 0.9 Dodging
 + Level 2.2 Invocations


You had one spell level left.
You didn't know any spells.

Dungeon Overview and Level Annotations

Branches:
Dungeon (1/15)

Altars:


Innate Abilities, Weirdness & Mutations

You cannot be hasted, slowed, berserked, paralysed or teleported.
You can dig through walls and to a lower floor.
Your four strong arms can wield two-handed weapons with a shield.
You have a pair of large antennae on your head. (SInv)


Message History

A rat comes into view.
The goblin hits you but does no damage. The goblin misses you.
The goblin hits you but does no damage. The goblin hits you with a dagger.
* * * LOW HITPOINT WARNING * * *
The goblin closely misses you. The goblin hits you but does no damage.
The goblin closely misses you. x3
The goblin misses you.
The goblin hits you but does no damage. x2; The goblin closely misses you.
The goblin hits you with a club.
* * * LOW HITPOINT WARNING * * *
The goblin hits you but does no damage. The goblin barely misses you.
The goblin hits you but does no damage. The goblin hits you with a club.
* * * LOW HITPOINT WARNING * * *
The goblin hits you but does no damage. The rat bites you but does no damage.
The goblin misses you. The goblin hits you with a club.
* * * LOW HITPOINT WARNING * * *
The goblin misses you. The rat misses you.
The goblin hits you but does no damage. x2; The goblin hits you with a dagger.
You die...

#..........#. #
#'#.......... .. ..........#
...............
........%...... #.
#........#.l..# ... #. #
#.........ggg.#......#...#..
#.........#@r...... ...#...#
#.........#.......# #....#..
#.........#.......###......#
#........................##.
#........................##.
#.......................##.
#.......................##.
#....###...................
#....###...................


You could see 3 goblins, a frilled lizard and a rat.

Vanquished Creatures
  A leopard gecko (D:1)
  A bat (D:1)
  A giant cockroach (D:1)
  3 goblins (D:1)
  A hobgoblin (D:1)
  3 kobolds (D:1)
  2 frilled lizards (D:1)
  A rat (D:1)
13 creatures vanquished.

Vanquished Creatures (others)
  A lurking horror (Abyss:2)
1 creature vanquished.

Grand Total: 14 creatures vanquished

Notes
Turn   | Place    | Note
-------+----------+-------------------------------------------
     0 | Abyss:1  | Klosterheim the Formicid Abyssal Knight began the quest for the Orb.
     0 | Abyss:1  | Reached XP level 1. HP: 18/18 MP: 2/2
    54 | Abyss:1  | Noticed a bone dragon
    57 | Abyss:1  | Noticed a raiju
   124 | Abyss:2  | Noticed a large abomination
   141 | Abyss:2  | Noticed a frost giant skeleton
   141 | Abyss:2  | Noticed an emperor scorpion zombie
   141 | Abyss:2  | Noticed a storm dragon simulacrum
   153 | Abyss:2  | Noticed a neqoxec
   153 | Abyss:2  | Noticed a quasit
   157 | Abyss:2  | Noticed a small abomination
   158 | D:1      | Escaped the Abyss
   381 | D:1      | Reached XP level 2. HP: 13/24 MP: 3/3
   759 | D:1      | HP: 1/25 [goblin/club (3)]
   761 | D:1      | Slain by a goblin

Vault maps used:
D:1:      mainiacjoe_arrival_reflecting_pool, serial_forest,
          infiniplex_forest_lined_3, infiniplex_forest_clump_tiny,
          infiniplex_forest_lined_room_2, infiniplex_forest_end_double,
          infiniplex_forest_clump_tiny, infiniplex_forest_corner_1,
          infiniplex_forest_clump_small, hex_large, minmay_pentomino_x2

Action                   || total
-------------------------++-------
Melee: Mace              ||    33
Invok: Depart the Abyss  ||     1
  Use: Scroll            ||     3
       Potion            ||     1
Armor: Leather armour    ||    18
Dodge: Dodged            ||    43

Table legend:
 A = Spawn XP
 B = Non-spawn XP
 C = Spawn XP percentage of total XP
 D = Spawn monster count
 E = Non-spawn monster count
 F = Spawn count percentage of total count
 G = Total turns spent on level
                    A         B        C        D         E        F      G
               +---------+---------+-------+---------+---------+-------+---------
         Total |       0 |      22 |   0.0 |       0 |      13 |   0.0 |   761
               +---------+---------+-------+---------+---------+-------+---------
           D:1 |       0 |      22 |   0.0 |       0 |      13 |   0.0 |   603
               +---------+---------+-------+---------+---------+-------+---------
